 Dungeon Crawl Stone Soup version 0.16-a0-3913-g9d9d7ce (webtiles) character file.

1997 Ololoev the Basher (level 9, -1/80 HPs)
             Began as an Ogre Hunter on Feb 4, 2015.
             Was a Follower of Okawaru.
             Killed from afar by an orc wizard (5 damage)
             ... with a puff of flame
             ... on level 6 of the Dungeon.
             The game lasted 00:27:43 (9802 turns).

Ololoev the Basher (Ogre Hunter)                    Turns: 9802, Time: 00:27:43

Health: -1/80      AC:  2    Str: 19      XL:     9   Next: 21%
Magic:  9/9        EV:  9    Int: 10      God:    Okawaru [*.....]
Gold:   265        SH:  0    Dex:  6 (13) Spells: 1 memorised, 6 levels left

rFire  + . .     SeeInvis .     x - +0 flail
rCold  . . .     Clarity  .     d - +0 animal skin
rNeg   . . .     SustAb   .     (shield restricted)
rPois  .         Gourm    .     n - +0 hat
rElec  .         Spirit   .     (no cloak)
rCorr  .         Warding  .     (gloves unavailable)
rMut   .         Rnd*Tele +     (boots unavailable)
MR     .....                    (no amulet)
Stlth  +.........               (no ring)
                                A - ring of protection from fire

@: not resistant to hostile enchantments, very unstealthy
A: unfitting armour, deformed body, teleportitis 1, tough skin 1
a: Heroism, Renounce Religion


You were on level 6 of the Dungeon.
You worshipped Okawaru.
Okawaru was aware of your devotion.
You were not hungry.

You visited 2 branches of the dungeon, and saw 7 of its levels.

You collected 355 gold pieces.
You spent 90 gold pieces at shops.

Notes
Turn   | Place    | Note
--------------------------------------------------------------
     0 | D:1      | Ololoev, the Ogre Hunter, began the quest for the Orb.
     0 | D:1      | Reached XP level 1. HP: 22/22 MP: 1/1
    79 | D:1      | Reached XP level 2. HP: 6/29 MP: 2/2
   408 | D:1      | Reached skill level 1 in Maces & Flails
  1042 | D:1      | Reached XP level 3. HP: 31/36 MP: 3/3
  1412 | D:2      | Found Zin's Purification Station.
  1416 | D:2      | Found a glowing silver altar of Zin.
  1884 | D:2      | Reached XP level 4. HP: 24/44 MP: 4/4
  3214 | D:3      | Found a burning altar of Makhleb.
  3478 | D:3      | Reached skill level 5 in Maces & Flails
  3478 | D:3      | Reached skill level 5 in Throwing
  3478 | D:3      | Reached XP level 5. HP: 11/50 MP: 5/5
  3874 | D:2      | Bought a potion of curing for 90 gold pieces
  4030 | D:4      | Noticed Ololoev's ghost (average OgHu)
  4325 | D:4      | Noticed a phantom
  4967 | D:3      | Killed a phantom
  4967 | D:3      | Reached skill level 6 in Maces & Flails
  4967 | D:3      | Reached XP level 6. HP: 24/59 MP: 6/6
  5305 | D:4      | Killed Ololoev's ghost
  5305 | D:4      | Reached skill level 7 in Maces & Flails
  5305 | D:4      | Reached XP level 7. HP: 66/66 MP: 7/7
  5428 | D:4      | Found a shimmering altar of Xom.
  5446 | D:4      | You fall through a shaft!
  5446 | D:5      | Entered Level 5 of the Dungeon
  5498 | D:5      | Found a basalt altar of Yredelemnul.
  5685 | D:4      | Found a staircase to the Ecumenical Temple.
  5692 | Temple   | Entered the Ecumenical Temple
  5720 | Temple   | Became a worshipper of Warmaster Okawaru
  5754 | D:4      | Noticed an ogre
  5764 | D:4      | Killed an ogre
  6997 | D:5      | Reached skill level 8 in Maces & Flails
  7114 | D:5      | Identified Sif Muna's Grimoire of Intoxication
  7119 | D:5      | Learned a level 2 spell: Cure Poison
  7151 | D:4      | HP: 3/66 [acid (13)]
  7501 | D:5      | Found a shadowy altar of Dithmenos.
  7529 | D:5      | Reached XP level 8. HP: 65/74 MP: 8/8
  7567 | D:5      | Found a glowing golden altar of the Shining One.
  8152 | D:6      | Got a flickering lapis lazuli ring
  8154 | D:6      | Identified the ring "Cloff" {+Inv rC+ rN++ MP+9 Dex+4 Slay-6} (You found it on level 6 of the Dungeon)
  8319 | D:6      | Reached skill level 9 in Maces & Flails
  8613 | D:6      | Gained mutation: Armour fits poorly on your strangely shaped body. [mutagenic meat]
  8646 | D:6      | Gained mutation: Space occasionally distorts in your vicinity. [potion of mutation]
  8831 | D:6      | Acquired Okawaru's first power
  8852 | D:6      | HP: 3/74 [poisoned by a centaur]
  9059 | D:6      | Reached skill level 10 in Maces & Flails
  9376 | D:6      | Reached XP level 9. HP: 61/80 MP: 9/9
  9786 | D:6      | Reached skill level 11 in Maces & Flails
  9801 | D:6      | HP: 4/80 [something (2)]
  9802 | D:6      | Killed from afar by an orc wizard

Inventory:

Hand weapons
 x - a +0 flail (weapon)
Missiles
 a - 6 curare-tipped needles
 c - a throwing net (quivered)
Armour
 d - a +0 animal skin (worn)
 n - a +0 hat (worn)
Jewellery
 g - an uncursed amulet of faith
 t - an uncursed ring of ice
 v - an uncursed ring of flight
 w - an uncursed ring of teleport control
 A - a ring of protection from fire (left hand)
 D - the ring "Cloff" {+Inv rC+ rN++ MP+9 Dex+4 Slay-6}
   (You found it on level 6 of the Dungeon)

   [ring of invisibility]

   It affects your dexterity (+4).
   It affects your accuracy and damage with ranged weapons and melee attacks
   (-6).
   It protects you from cold.
   It greatly protects you from negative energy.
   It affects your magic capacity (+9).
   It lets you turn invisible.
Scrolls
 e - 5 scrolls of remove curse
 h - 2 scrolls of recharging
 j - a scroll of enchant armour {unknown}
 l - a scroll of enchant weapon {unknown}
 p - a scroll of amnesia {unknown}
 s - a scroll of holy word {unknown}
Potions
 i - 2 potions of curing
 r - 2 potions of might
 z - 2 potions of heal wounds
 B - 2 potions of berserk rage
Comestibles
 f - 5 meat rations
 k - 2 bread rations
 m - 4 chunks of flesh

Table legend:
 A = Turns spent in this place as a percentage of turns spent in the entire game.
 B = Non-inter-level travel turns spent in this place as a percentage of non-inter-level travel turns spent in the entire game.
 C = Inter-level travel turns spent in this place as a percentage of turns spent in this place.
 D = Turns resting spent in this place as a percentage of non-inter-level travel turns spent in this place.
 E = Turns spent auto-exploring this place as a percentage of non-inter-level travel turns spent in this place.
 F = Non-inter-level travel turns spent in this place divided by the number of levels of this place that you've seen.
                   A       B       C       D       E      F
               +-------+-------+-------+-------+-------+----------------------
         Total | 100.0 | 100.0 |   0.8 |   5.2 |   8.6 | 338.3
       Dungeon |  99.5 |  99.5 |   0.8 |   5.2 |   8.5 | 392.7
        Temple |   0.5 |   0.5 |   7.7 |   0.0 |  25.0 |  12.0
               +-------+-------+-------+-------+-------+----------------------


   Skills:
 - Level 2.6 Fighting
 + Level 11.0 Maces & Flails
 + Level 9.8 Throwing
 - Level 1.7 Dodging
 - Level 0.7 Stealth


You had 6 spell levels left.
You knew the following spells:

 Your Spells              Type           Power        Failure   Level  Hunger
a - Cure Poison           Pois           #.........   61%         2    ###....


Dungeon Overview and Level Annotations

Branches:
Dungeon (6/15)             Temple (1/1) D:4

Altars:
Ashenzari
Dithmenos
Gozag
Makhleb
Okawaru
Ru
Trog
Xom
Yredelemnul
Zin
The Shining One


Innate Abilities, Weirdness & Mutations

You are too large for most types of armour.
You have tough skin (AC +1).
Armour fits poorly on your strangely shaped body.
Space occasionally distorts in your vicinity.


Message History

The orc warrior is almost dead.
The orc warrior struggles against the net.
The orc wizard mumbles some strange words.
The orc wizard flickers and vanishes!
Deactivating autopickup; reactivate with Ctrl-A.
You hit the orc warrior but do no damage.
The orc warrior is almost dead.
The orc warrior struggles against the net.
You thump the orc warrior!
You kill the orc warrior!
Okawaru accepts your kill.
Your Maces & Flails skill increases to level 11!
You closely miss something. Something hits you but does no damage.
You miss something. Something completely misses you.
You miss something. Something hits you but does no damage.
Something hits you but does no damage.
An orc comes into view. It is wielding a club.
You hit something but do no damage. Something completely misses you.
You barely miss something. Something hits you but does no damage.
You barely miss something. Something hits you but does no damage.
Something hits you but does no damage.
You miss something. Something hits you.
You closely miss something.
You hear some strange, mumbled words.
The magic dart hits you!
You miss something. Something hits you.
You closely miss something. Something hits you but does no damage.
You closely miss something. Something hits you.
Something hits you but does no damage.
You barely miss something. Something hits you but does no damage.
You sock something! Something hits you but does no damage.
You miss something.
You hear some strange, mumbled words.
The magic dart hits you!
You miss something. Something hits you. Something hits you but does no damage.
You hit something.
You hear some strange, mumbled words.
A puff of flame appears from out of thin air!
The puff of flame hits you! You resist.
You die...

#.#.#### #.#.#..#
#.#.#..# #.#.#..#
#.#.#..# #.#.#..#
##############.#.#..#
.......รท.......#.#..#
.###############@#..#
.# #{#..# .# #o#(.# .#
#(#(.# .# #(#B.#
.###############(#..#
...........o........#
.###############.#.##
.# #(#.#


You could see an orc.

Table legend:
 A = Kills in this place as a percentage of kills in entire the game.
 B = Kills by you in this place as a percentage of kills by you in the entire game.
 C = Kills by friends in this place as a percentage of kills by friends in the entire game.
 D = Other kills in this place as a percentage of other kills in the entire game.
 E = Experience gained in this place as a percentage of experience gained in the entire game.
 F = Experience gained in this place divided by the number of levels of this place that you have seen.
                   A       B       C       D       E      F
               +-------+-------+-------+-------+-------+----------------------
         Total | 100.0 | 100.0 |  -nan |  -nan | 100.0 | 407.7
       Dungeon | 100.0 | 100.0 |  -nan |  -nan | 100.0 | 475.7
               +-------+-------+-------+-------+-------+----------------------

Vanquished Creatures
  The ghost of Ololoev the Cudgeler, an average OgHu (D:4)
  A black bear (D:6)
  An orc warrior (D:6)
  A sky beast (D:6)
  A phantom (D:3)
  2 centaurs (D:6)
  4 ogres
  A giant frog (D:6)
  2 scorpions (D:6)
  2 jellies
  2 hounds
  2 goliath beetles
  2 crimson imps (D:5)
  2 orc priests
  A quasit (D:6)
  A centaur skeleton (D:4)
  A giant frog skeleton (D:5)
  An orc wizard (D:6)
  2 worker ants
  An iron imp (D:5)
  A hound skeleton (D:6)
  6 adders
  3 worms (D:2)
  4 giant geckos
  3 oozes
  15 orcs
  9 bats
  18 hobgoblins
  2 jackals (D:6)
  7 kobolds
  5 quokkas
  A ball python (D:5)
  3 giant cockroaches
  2 giant newts
  12 goblins
  A goblin skeleton (D:5)
  2 goblin zombies (D:5)
  A hobgoblin zombie (D:5)
  2 kobold skeletons (D:5)
  2 kobold zombies (D:5)
  An orc skeleton (D:5)
  An orc zombie (D:5)
  A quokka skeleton (D:6)
  14 rats
  A plant (D:6)
148 creatures vanquished.

Action                   |  1- 3 |  4- 6 |  7- 9 || total
-------------------------+-------+-------+-------++-------
Melee: Short sword       |    15 |       |       ||    15
       Club              |    48 |       |       ||    48
       Whip              |   101 |   135 |       ||   236
       Flail             |       |    50 |   333 ||   383
Throw: Large rock        |     3 |    13 |    21 ||    37
       Javelin           |     6 |    14 |    29 ||    49
       Tomahawk          |       |       |     5 ||     5
       Throwing net      |       |       |     1 ||     1
 Cast: Cure Poison       |       |       |     1 ||     1
  Use: Scroll            |       |     6 |     3 ||     9
       Potion            |       |     3 |     4 ||     7
 Stab: Sleeping          |     1 |       |       ||     1
       Invisible         |       |       |     2 ||     2
  Eat: Chunk             |     3 |     6 |    15 ||    24
       Beef jerky        |       |     1 |     1 ||     2
       Bread ration      |       |     1 |       ||     1

Vault maps used:
D:1:      matt_arrival_los_fun
D:2:      zin_purify
D:3:      lemuel_coloured_pillars_altar, serial_curves, eino_curves_03,
          eino_curves_04
D:4:      erik_ogre, overflow_temple_1_default, minmay_temple_entry_crystal_x
D:5:      nicolae_overflow_crystal_walls, nicolae_tso_besieged_by_evil,
          first_bread, basic_altar
D:6:      serial_bayou_ford_a
Temple:   oiseaux_autumnal_temple_12
